EL
SAN ANTONIO MISSIONS @ COLORADO (EL) ROCKIES
08/09/2049
 
TOP OF THE 1ST
San Antonio Missions batting - Pitching for Colorado (EL) Rockies : RHP Dave Shanks
Pitching: RHP Dave Shanks
Batting: RHB Niek de Haan 0-0: Ball
1-0: Called Strike
1-1: Swinging Strike
1-2: Ball
2-2: Strikes out looking
Batting: RHB Jesse White 0-0: Foul Ball, location: 2F
0-1: Ground out 6-3 (Groundball, 6, EV 86.2 MPH)
Batting: RHB Kory Sanchez 0-0: Ball
1-0: SINGLE (Groundball, 4MD, EV 103.8 MPH)
Batting: LHB Pat Aviles 0-0: Ball
1-0: Swinging Strike
1-1: Ball
2-1: Ball
3-1: Base on Balls
Kory Sanchez to second
Batting: RHB Chase Briney 0-0: Ball
1-0: Foul Ball, location: 2F
1-1: Ball
2-1: Ball
3-1: Base on Balls
Kory Sanchez to third
Pat Aviles to second
Batting: RHB Caleb Russell 0-0: Ball
1-0: Ball
2-0: Swinging Strike
2-1: Called Strike
2-2: Ground out 5-3 (Groundball, 56S, EV 68.8 MPH)
Top of the 1st over - 0 runs, 1 hit, 0 errors, 3 left on base; San Antonio 0 - Colorado (EL) 0
BOTTOM OF THE 1ST
Colorado (EL) Rockies batting - Pitching for San Antonio Missions : RHP Parker French
Pitching: RHP Parker French
Batting: LHB Jerry Santana 0-0: Ground out 1-3 (Groundball, 13, EV 63.8 MPH)
Batting: LHB Daniel Green 0-0: Ball
1-0: Reached on error, E4 (Groundball, 4, EV 83.8 MPH)
Batting: RHB Ryan Rinaldi 0-0: Ball
1-0: Swinging Strike
1-1: SINGLE (Line Drive, 34D, EV 98.8 MPH)
Daniel Green to third
Batting: RHB Maurice Moore 0-0: Ball
Ryan Rinaldi is caught stealing 2nd base 2-4
1-0: Called Strike
1-1: SINGLE (Groundball, 56D, EV 108.8 MPH)
Daniel Green scores
Batting: LHB Paul McClintock 0-0: Ball
1-0: Ball
2-0: Ball
3-0: Base on Balls
Maurice Moore to second
Batting: RHB Wali Mulogo 0-0: Ball
1-0: Called Strike
1-1: Ball
2-1: Foul Ball, location: 2F
2-2: Foul Ball, location: 2F
2-2: Fly out, F7 (Flyball, 7, EV 83.1 MPH)
Bottom of the 1st over - 1 run, 2 hits, 1 error, 2 left on base; San Antonio 0 - Colorado (EL) 1
TOP OF THE 2ND
San Antonio Missions batting - Pitching for Colorado (EL) Rockies : RHP Dave Shanks
Batting: RHB Jaden Scott 0-0: Foul Ball, location: 2F
0-1: Swinging Strike
0-2: Foul Ball, location: 2F
0-2: Strikes out swinging
Batting: RHB Mike MacLeod 0-0: Ball
1-0: Fly out, F4 (Popup, 4, EV 80.0 MPH)
Batting: RHB Eric Erickson 0-0: Ball
1-0: Ball
2-0: Called Strike
2-1: Swinging Strike
2-2: Strikes out swinging
Top of the 2nd over - 0 runs, 0 hits, 0 errors, 0 left on base; San Antonio 0 - Colorado (EL) 1
BOTTOM OF THE 2ND
Colorado (EL) Rockies batting - Pitching for San Antonio Missions : RHP Parker French
Batting: RHB Bobby Bowman 0-0: Ball
1-0: Ball
2-0: Called Strike
2-1: Foul Ball, location: 2F
2-2: Ball
3-2: DOUBLE (Line Drive, 78M, EV 105.6 MPH)
Batting: SHB Craig Ruzic 0-0: Foul Ball, location: 2F
0-1: Ball
1-1: Ball
2-1: Swinging Strike
2-2: Hit by Pitch
Batting: RHB Seisaburo Edagawa 0-0: Fielders Choice at 2nd, 6-4 (Groundball, 6, EV 92.5 MPH)
Bobby Bowman to third
Batting: LHB Jerry Santana 0-0: Ball
Seisaburo Edagawa is caught stealing 2nd base 2-6
1-0: Foul Ball, location: 2F
1-1: Ground out 6-3 (Groundball, 6, EV 103.8 MPH)
Bottom of the 2nd over - 0 runs, 1 hit, 0 errors, 1 left on base; San Antonio 0 - Colorado (EL) 1
TOP OF THE 3RD
San Antonio Missions batting - Pitching for Colorado (EL) Rockies : RHP Dave Shanks
Batting: RHB Niek de Haan 0-0: Ground out 5-3 (Groundball, 56S, EV 86.2 MPH)
Batting: RHB Jesse White 0-0: SINGLE (Groundball, 4MD, EV 94.4 MPH)
Batting: RHB Kory Sanchez 0-0: Ball
1-0: Ball
2-0: Ball
3-0: Called Strike
3-1: Base on Balls
Jesse White to second
Batting: LHB Pat Aviles 0-0: Grounds into double play, 1-4-3 (Groundball, 15S, EV 66.9 MPH)
Top of the 3rd over - 0 runs, 1 hit, 0 errors, 1 left on base; San Antonio 0 - Colorado (EL) 1
BOTTOM OF THE 3RD
Colorado (EL) Rockies batting - Pitching for San Antonio Missions : RHP Parker French
Batting: LHB Daniel Green 0-0: Ball
1-0: TRIPLE (Line Drive, 78XD, EV 109.4 MPH)
Batting: RHB Ryan Rinaldi 0-0: Ball
1-0: Called Strike
1-1: Ball
2-1: Foul Ball, location: 2F
2-2: Ball
3-2: Foul Ball, location: 2F
3-2: SINGLE (Groundball, 4MD, EV 97.5 MPH)
Daniel Green scores
Batting: RHB Maurice Moore 0-0: Ball
1-0: Foul Ball, location: 2F
1-1: Swinging Strike
1-2: Foul Ball, location: 2F
1-2: Ball
2-2: Fielders Choice at 2nd, 3-6 (Groundball, 3, EV 87.5 MPH)
Batting: LHB Paul McClintock 0-0: Swinging Strike
0-1: Ball
1-1: Ball
2-1: Ball
3-1: Foul Ball, location: 2F
3-2: Fly out, F9 (Flyball, 9, EV 89.4 MPH)
Batting: RHB Wali Mulogo 0-0: Ball
1-0: Called Strike
1-1: 2-RUN HOME RUN (Flyball, 78XD, EV 105.0 MPH), Distance : 412 ft
Batting: RHB Bobby Bowman 0-0: Foul Ball, location: 2F
0-1: Ground out U3 (Groundball, 23, EV 84.4 MPH)
Bottom of the 3rd over - 3 runs, 3 hits, 0 errors, 0 left on base; San Antonio 0 - Colorado (EL) 4
TOP OF THE 4TH
San Antonio Missions batting - Pitching for Colorado (EL) Rockies : RHP Dave Shanks
Batting: RHB Chase Briney 0-0: Ball
1-0: Foul Ball, location: 2F
1-1: Foul Ball, location: 2F
1-2: Strikes out looking
Batting: RHB Caleb Russell 0-0: DOUBLE (Flyball, 89D, EV 108.8 MPH)
Batting: RHB Jaden Scott 0-0: Called Strike
0-1: Fly out, F7 (Line Drive, 7LM, EV 90.6 MPH)
Batting: RHB Mike MacLeod 0-0: 2-RUN HOME RUN (Line Drive, 8LXD, EV 109.4 MPH), Distance : 433 ft
Batting: RHB Eric Erickson 0-0: Swinging Strike
0-1: Reached on error, E6 (Groundball, 6, EV 103.8 MPH)
Batting: RHB Niek de Haan 0-0: Called Strike
Eric Erickson steals 2nd, throwing error, E2
Eric Erickson to third
0-1: Called Strike
0-2: Ball
1-2: Strikes out swinging
Top of the 4th over - 2 runs, 2 hits, 2 errors, 1 left on base; San Antonio 2 - Colorado (EL) 4
BOTTOM OF THE 4TH
Colorado (EL) Rockies batting - Pitching for San Antonio Missions : RHP Parker French
Batting: SHB Craig Ruzic 0-0: Called Strike
0-1: Ball
1-1: Ball
2-1: Foul Ball, location: 2F
2-2: Foul Ball, location: 2F
2-2: Ground out 4-3 (Groundball, 13, EV 79.4 MPH)
Batting: RHB Seisaburo Edagawa 0-0: Called Strike
0-1: Hit by Pitch
Batting: LHB Jerry Santana 0-0: 2-RUN HOME RUN (Flyball, 7LD, EV 90.6 MPH), Distance : 333 ft
Pitching: RHP Dave Quintero
Batting: LHB Daniel Green 0-0: Called Strike
0-1: Ball
1-1: Called Strike
1-2: Ball
2-2: Ball
3-2: Ground out 4-3 (Groundball, 13, EV 84.4 MPH)
Batting: RHB Ryan Rinaldi 0-0: Called Strike
0-1: Ball
1-1: Ground out 6-3 (Groundball, 6, EV 80.6 MPH)
Bottom of the 4th over - 2 runs, 1 hit, 0 errors, 0 left on base; San Antonio 2 - Colorado (EL) 6
TOP OF THE 5TH
San Antonio Missions batting - Pitching for Colorado (EL) Rockies : RHP Dave Shanks
Batting: RHB Jesse White 0-0: Ball
1-0: Ball
2-0: Ball
3-0: Base on Balls
Batting: RHB Kory Sanchez 0-0: Called Strike
0-1: SINGLE (Line Drive, 78S, EV 104.4 MPH)
Jesse White to second
Batting: LHB Pat Aviles 0-0: Foul Ball, location: 2F
0-1: Foul Ball, location: 2F
0-2: Fielders Choice at 2nd, 4-6 (Groundball, 4S, EV 87.5 MPH)
Jesse White to third
Batting: RHB Chase Briney 0-0: Called Strike
0-1: Fly out, F9 (Flyball, 89S, EV 83.8 MPH)
Batting: RHB Caleb Russell 0-0: Called Strike
0-1: Ball
1-1: Fly out, F9 (Flyball, 9, EV 92.5 MPH)
Top of the 5th over - 0 runs, 1 hit, 0 errors, 2 left on base; San Antonio 2 - Colorado (EL) 6
BOTTOM OF THE 5TH
Colorado (EL) Rockies batting - Pitching for San Antonio Missions : RHP Dave Quintero
Batting: RHB Maurice Moore 0-0: Ground out 3-1 (Groundball, 34, EV 83.8 MPH)
Batting: LHB Paul McClintock 0-0: Ball
1-0: Called Strike
1-1: Reached on error, E4 (Groundball, 34, EV 88.1 MPH)
Batting: RHB Wali Mulogo 0-0: Ball
1-0: Called Strike
1-1: Foul Ball, location: 2F
1-2: Foul Ball, location: 2F
1-2: Foul Ball, location: 2F
1-2: Foul Ball, location: 2F
1-2: Foul Ball, location: 2F
1-2: Fly out, F3 (Popup, 3S, EV 80.6 MPH)
Batting: RHB Bobby Bowman 0-0: Foul Ball, location: 2F
0-1: Ball
1-1: Swinging Strike
1-2: Strikes out looking
Bottom of the 5th over - 0 runs, 0 hits, 1 error, 1 left on base; San Antonio 2 - Colorado (EL) 6
TOP OF THE 6TH
San Antonio Missions batting - Pitching for Colorado (EL) Rockies : RHP Dave Shanks
Batting: RHB Jaden Scott 0-0: Called Strike
0-1: Ball
1-1: Swinging Strike
1-2: Ball
2-2: Ball
3-2: Base on Balls
Batting: RHB Mike MacLeod 0-0: Ball
Jaden Scott is caught stealing 2nd base 2-4
1-0: Ball
2-0: Ball
3-0: Called Strike
3-1: Fly out, F7 (Flyball, 7D, EV 95.6 MPH)
Batting: RHB Eric Erickson 0-0: Ball
1-0: Foul Ball, location: 2F
1-1: Ball
2-1: Called Strike
2-2: Fly out, F8 (Flyball, 8RD, EV 107.5 MPH)
Top of the 6th over - 0 runs, 0 hits, 0 errors, 0 left on base; San Antonio 2 - Colorado (EL) 6
BOTTOM OF THE 6TH
Colorado (EL) Rockies batting - Pitching for San Antonio Missions : RHP Dave Quintero
Batting: SHB Craig Ruzic 0-0: Ball
1-0: Called Strike
1-1: Ball
2-1: Foul Ball, location: 2F
2-2: Ball
3-2: Ground out 5-3 (Groundball, 56, EV 101.2 MPH)
Batting: RHB Seisaburo Edagawa 0-0: Ball
1-0: Called Strike
1-1: Foul Ball, location: 2F
1-2: Ground out 6-3 (Groundball, 6, EV 80.6 MPH)
Batting: LHB Jerry Santana 0-0: Foul Ball, location: 2F
0-1: Swinging Strike
0-2: Strikes out swinging
Bottom of the 6th over - 0 runs, 0 hits, 0 errors, 0 left on base; San Antonio 2 - Colorado (EL) 6
TOP OF THE 7TH
San Antonio Missions batting - Pitching for Colorado (EL) Rockies : RHP Dave Shanks
Pitching: RHP Dane Long
Batting: RHB Niek de Haan 0-0: Ball
1-0: Ball
2-0: Ground out U3 (Groundball, 13, EV 89.4 MPH)
Batting: RHB Jesse White 0-0: Called Strike
0-1: Foul Ball, location: 2F
0-2: Ball
1-2: Ball
2-2: Strikes out swinging
Batting: RHB Kory Sanchez 0-0: Ground out 5-3 (Groundball, 56, EV 86.9 MPH)
Top of the 7th over - 0 runs, 0 hits, 0 errors, 0 left on base; San Antonio 2 - Colorado (EL) 6
BOTTOM OF THE 7TH
Colorado (EL) Rockies batting - Pitching for San Antonio Missions : RHP Dave Quintero
Pitching: RHP Adrian de la Cerda
Batting: LHB Daniel Green 0-0: Ball
1-0: Swinging Strike
1-1: SINGLE (Groundball, 56D, EV 100.6 MPH)
Batting: RHB Ryan Rinaldi 0-0: Swinging Strike
0-1: Ball
1-1: Fly out, F7 (Flyball, 7S, EV 90.6 MPH)
Batting: RHB Maurice Moore 0-0: Ball
1-0: Ball
2-0: Ball
3-0: Called Strike
3-1: Called Strike
3-2: Foul Ball, location: 2F
3-2: Strikes out swinging
Batting: LHB Paul McClintock 0-0: Ball
1-0: Foul Ball, location: 2F
1-1: Ball
Daniel Green steals 2nd base (no throw)
2-1: Ball
3-1: Called Strike
3-2: Base on Balls
Batting: RHB Wali Mulogo 0-0: Ball
1-0: Ball
2-0: Ball
3-0: SINGLE (Groundball, 4M, EV 99.4 MPH) (infield hit)
Daniel Green to third
Paul McClintock to second
Batting: RHB Bobby Bowman 0-0: Swinging Strike
0-1: Ball
1-1: Ball
2-1: Ball
3-1: Fly out, F1 (Line Drive, P, EV 67.5 MPH)
Bottom of the 7th over - 0 runs, 2 hits, 0 errors, 3 left on base; San Antonio 2 - Colorado (EL) 6
TOP OF THE 8TH
San Antonio Missions batting - Pitching for Colorado (EL) Rockies : RHP Dane Long
Batting: LHB Pat Aviles 0-0: Ball
1-0: Ball
2-0: Called Strike
2-1: Foul Ball, location: 2F
2-2: Strikes out swinging
Batting: RHB Chase Briney 0-0: Called Strike
0-1: Foul Ball, location: 2F
0-2: Ball
1-2: Ball
2-2: SINGLE (Line Drive, 5D, EV 103.8 MPH)
Batting: RHB Caleb Russell 0-0: Ball
1-0: Foul Ball, location: 2F
1-1: Foul Ball, location: 2F
1-2: Ball
2-2: Ball
3-2: Base on Balls
Chase Briney to second
Batting: RHB Jaden Scott 0-0: Foul Ball, location: 2F
0-1: Swinging Strike
0-2: Fly out, F8 (Flyball, 8LM, EV 81.9 MPH)
Batting: RHB Mike MacLeod 0-0: Fly out, F7 (Flyball, 78M, EV 79.4 MPH)
Top of the 8th over - 0 runs, 1 hit, 0 errors, 2 left on base; San Antonio 2 - Colorado (EL) 6
BOTTOM OF THE 8TH
Colorado (EL) Rockies batting - Pitching for San Antonio Missions : RHP Adrian de la Cerda
Pitching: RHP Mike LaMonica
Batting: SHB Craig Ruzic 0-0: Called Strike
0-1: Ball
1-1: Ball
2-1: Called Strike
2-2: Ball
3-2: Base on Balls
Batting: RHB Seisaburo Edagawa 0-0: Ball
1-0: Ball
2-0: Called Strike
Craig Ruzic is caught stealing 2nd base 2-4
2-1: Ground out U3 (Groundball, 34, EV 84.4 MPH)
Batting: LHB Jerry Santana 0-0: Called Strike
0-1: Foul Ball, location: 2F
0-2: Foul Ball, location: 2F
0-2: Strikes out swinging
Bottom of the 8th over - 0 runs, 0 hits, 0 errors, 0 left on base; San Antonio 2 - Colorado (EL) 6
TOP OF THE 9TH
San Antonio Missions batting - Pitching for Colorado (EL) Rockies : RHP Dane Long
Pitching: RHP Lorenzo Pacheco
Batting: RHB Eric Erickson 0-0: Ground out 6-3 (Groundball, 6, EV 97.5 MPH)
Batting: RHB Niek de Haan 0-0: SINGLE (Groundball, 6MD, EV 98.8 MPH)
Batting: RHB Jesse White 0-0: Ball
1-0: Grounds into double play, 5-4-3 (Groundball, 56S, EV 84.4 MPH)
Top of the 9th over - 0 runs, 1 hit, 0 errors, 0 left on base; San Antonio 2 - Colorado (EL) 6
Sunday, July 16th , 2023 - OOTP Baseball 24.6 Build 69